 Dungeon Crawl Stone Soup version 0.20.1-1-g8b1a95d (webtiles) character file.

1511 Inchmeat the Spear-Bearer (level 8, -3/57 HPs)
             Began as a Merfolk Skald on Oct 25, 2017.
             Slain by Pikel
             ... wielding a +0 whip of freezing
              (7 damage)
             ... on level 6 of the Dungeon.
             The game lasted 00:16:33 (7813 turns).

Inchmeat the Spear-Bearer (Merfolk Skald)           Turns: 7813, Time: 00:16:33

Health: -3/57      AC:  4    Str: 13    XL:     8   Next: 83%
Magic:  11/11      EV: 12    Int: 13    God:
Gold:   264        SH:  0    Dex: 13    Spells: 2/11 levels left

rFire    . . .     SeeInvis .   a - +0 spear
rCold    . . .     Gourm    +   (no shield)
rNeg     . . .     Faith    .   b - +0 leather armour
rPois    +         Spirit   .   (no helmet)
rElec    .         Reflect  .   (no cloak)
rCorr    .         Harm     .   q - +0 pair of gloves
MR       .....                  (no boots)
Stlth    +.........             o - amulet of the gourmand
Regen    0.2/turn               j - ring of poison resistance
MPRegen  0.2/turn               (no ring)

@: about to teleport
A: change form in water, swift swim, stealthy swim
a: no special abilities


You were on level 6 of the Dungeon.
You were not hungry.

You visited 1 branch of the dungeon, and saw 6 of its levels.

You collected 264 gold pieces.

Inventory:

Hand Weapons
 a - a +0 spear (weapon)
 t - a -2 halberd
Armour
 b - a +0 leather armour (worn)
 q - a +0 pair of gloves (worn)
Jewellery
 g - an uncursed amulet of harm
 j - a ring of poison resistance (left hand)
 o - an amulet of the gourmand (around neck)
 w - an uncursed ring of positive energy {unknown}
Wands
 r - a wand of enslavement (0/24)
 y - a wand of random effects (21/48)
 C - a wand of flame (30/48)
Scrolls
 e - 4 scrolls of identify
 f - a scroll of enchant weapon
 i - 2 scrolls of remove curse
 n - 2 scrolls of teleportation
 p - a scroll of fog
 s - a scroll of noise {unknown}
 u - a scroll of recharging {unknown}
Books
 c - a book of Battle

   Spells                             Type                      Level
   a - Infusion                       Charms                       1
   b - Shroud of Golubria             Charms/Translocation         2
   c - Song of Slaying                Charms                       2
   d - Spectral Weapon                Hexes/Charms                 3
   e - Regeneration                   Charms/Necromancy            3
 v - a book of Misfortune

   Spells                             Type                      Level
   a - Confusing Touch                Hexes                        1
   b - Confuse                        Hexes                        3
   c - Gell's Gravitas                Translocation                3
   d - Petrify                        Transmutation/Earth          4
   e - Metabolic Englaciation         Hexes/Ice                    5
   f - Yara's Violent Unravelling     Hexes/Transmutation          5
Comestibles
 d - 3 bread rations
 l - 3 meat rations
 z - a royal jelly


   Skills:
 - Level 2.7 Fighting
 * Level 14.1 Polearms
 - Level 0.6 Armour
 - Level 2.6 Dodging
 - Level 0.5 Stealth
 - Level 1.0 Unarmed Combat
 - Level 2.0 Spellcasting
 - Level 3.8 Charms


You had 2 spell levels left.
You knew the following spells:

 Your Spells              Type           Power        Failure   Level  Hunger
a - Infusion              Chrm           ##..         7%          1    ##.....
b - Shroud of Golubria    Chrm/Tloc      #.........   22%         2    ###....
c - Spectral Weapon       Hex/Chrm       #.......     41%         3    ####...
d - Regeneration          Chrm/Necr      #.........   41%         3    ####...


Dungeon Overview and Level Annotations

Branches:
Dungeon (6/15)
 Temple: D:4-7

Altars:
Dithmenos
Nemelex Xobeh
Trog

Annotations:
D:4 Bloodrosh's ghost, amateur HOFi
D:6 Pikel


Message History

Unknown command.
As you read the scroll labeled GONIERHIKK, it crumbles to dust.
The creatures around you are filled with an inner flame!
It was a scroll of immolation.
Pikel hits you with a whip of freezing.
* * * LOW HITPOINT WARNING * * *
Pikel freezes you.
* * * LOW HITPOINT WARNING * * *
Unknown command.
As you read the scroll labeled KONUJE OSOTY, it crumbles to dust.
You feel strangely unstable.
It was a scroll of teleportation.
Pikel hits you with a whip of freezing.
* * * LOW HITPOINT WARNING * * *
Pikel freezes you.
* * * LOW HITPOINT WARNING * * *
Unknown command.
You aren't carrying any potions.
As you read the scroll labeled LICEGETEZO, it crumbles to dust.
The scroll dissolves into smoke.
It was a scroll of fog.
Pikel hits you with a whip of freezing!
You die...

#.##....p..
##...p..#### ##
##..p##..# #.#
#.....#..#
#.#######.......#
##§..p.pp.......# #
#pp#######.###### #
#.#K## #.# # #. #§@#
##+# # # ####
##...## ...
##.....##
#.>.##.......## ##
....#.........####.
######.........'....
#........p####.
#).....p## ##
##.....## #


You could see Pikel (inner flame) and 2 slaves.

Vanquished Creatures
  Edmund (D:5)
  An ice beast (D:6)
  A centaur (D:5)
  4 ogres
  Blork the orc (D:5)
  A bullfrog (D:6)
  2 scorpions
  A crimson imp (D:6)
  An orc priest (D:4)
  A hound (D:5)
  2 jellies (D:5)
  3 orc wizards
  A bullfrog skeleton (D:4)
  Ijyb (D:2)
  Natasha (thrice) (D:2)
  3 worker ants
  7 adders
  2 oozes (D:5)
  3 worms
  6 dart slugs
  4 leopard geckos
  26 orcs
  2 ball pythons
  4 giant cockroaches (D:5)
  5 goblins
  10 hobgoblins
  10 jackals
  3 kobolds
  A ball python skeleton (D:5)
  8 bats
  5 frilled lizards
  A leopard gecko skeleton (D:4)
  6 rats
130 creatures vanquished.

Notes
Turn   | Place    | Note
-------+----------+-------------------------------------------
     0 | D:1      | Inchmeat the Merfolk Skald began the quest for the Orb.
     0 | D:1      | Reached XP level 1. HP: 16/16 MP: 3/3
   174 | D:1      | Reached skill level 4 in Polearms
   174 | D:1      | Reached XP level 2. HP: 20/22 MP: 5/5
   606 | D:1      | Reached skill level 5 in Polearms
   606 | D:1      | Reached XP level 3. HP: 18/27 MP: 0/6
   726 | D:2      | Noticed Natasha
   738 | D:2      | Killed Natasha
  1095 | D:2      | Reached skill level 6 in Polearms
  1095 | D:2      | Reached XP level 4. HP: 23/33 MP: 3/7
  1170 | D:2      | Noticed Natasha
  1189 | D:2      | Killed Natasha
  1405 | D:2      | Noticed Natasha
  1410 | D:2      | Killed Natasha
  1410 | D:2      | Reached skill level 7 in Polearms
  1410 | D:2      | Reached XP level 5. HP: 33/38 MP: 1/8
  1445 | D:2      | Found a bloodstained altar of Trog.
  2213 | D:3      | Reached skill level 8 in Polearms
  2418 | D:3      | Noticed Ijyb
  2478 | D:2      | Killed Ijyb
  2653 | D:3      | Reached XP level 6. HP: 31/44 MP: 1/9
  2815 | D:3      | Reached skill level 9 in Polearms
  3382 | D:3      | Reached skill level 1 in Unarmed Combat
  3704 | D:3      | Learned a level 2 spell: Shroud of Golubria
  3708 | D:3      | Learned a level 3 spell: Spectral Weapon
  3712 | D:3      | Learned a level 3 spell: Regeneration
  3974 | D:4      | Reached skill level 10 in Polearms
  3974 | D:4      | Reached XP level 7. HP: 30/50 MP: 6/10
  4391 | D:4      | Found a shadowy altar of Dithmenos.
  4392 | D:4      | Noticed Bloodrosh's ghost (amateur HOFi)
  4548 | D:4      | Reached skill level 11 in Polearms
  5359 | D:5      | Entered Level 5 of the Dungeon
  5989 | D:5      | Noticed Blork the orc
  6005 | D:5      | Killed Blork the orc
  6005 | D:5      | Reached XP level 8. HP: 44/57 MP: 2/11
  6165 | D:5      | Reached skill level 12 in Polearms
  6267 | D:5      | Found a sparkling altar of Nemelex Xobeh.
  6824 | D:6      | Reached skill level 13 in Polearms
  6844 | D:6      | Noticed Edmund
  7157 | D:5      | Killed Edmund
  7549 | D:6      | Reached skill level 14 in Polearms
  7716 | D:6      | Noticed Pikel
  7813 | D:6      | Slain by Pikel

Skill      XL: |  1  2  3  4  5  6  7  8 |
---------------+-------------------------+-----
Polearms       | 4 5 6 7 8 10 11 14 | 14.1
Unarmed Combat | 1 |  1.0
Fighting       | |  2.7
Armour         | |  0.6
Dodging        | |  2.6
Stealth        | |  0.5
Spellcasting   | |  2.0
Charms         | |  3.8

Action                   |  1- 3 |  4- 6 |  7- 9 || total
-------------------------+-------+-------+-------++-------
Melee: Spear             |    82 |   318 |   231 ||   631
       Unarmed           |       |    12 |     8 ||    20
       Punch             |       |     1 |       ||     1
       Halberd           |       |       |    87 ||    87
 Cast: Infusion          |     9 |    18 |    15 ||    42
Evoke: Wand              |       |       |     1 ||     1
  Use: Potion            |     1 |     4 |     5 ||    10
       Scroll            |       |     8 |     6 ||    14
 Stab: Sleeping          |     2 |     2 |     1 ||     5
       Invisible         |       |       |     1 ||     1
  Eat: Chunk             |       |    10 |    10 ||    20
       Bread ration      |       |       |     1 ||     1
Armor: Leather armour    |    10 |    59 |    34 ||   103
       Skin              |       |     9 |     5 ||    14
Dodge: Dodged            |    32 |   111 |   131 ||   274
